 Dungeon Crawl Stone Soup version 0.29-a0-323-g050149af67 (webtiles) character file.

Game seed: 8293655863822700769

211 jmlagarto the Bolt Thrower (level 6, -1/37 HPs)
             Began as a Kobold Hunter on Apr 11, 2022.
             Was a Priest of Zin.
             Slain by a killer bee (3 damage)
             ... on level 4 of the Dungeon.
             The game lasted 00:03:44 (3067 turns).

jmlagarto the Bolt Thrower (Kobold Hunter)          Turns: 3067, Time: 00:03:45

Health: -1/37      AC:  3    Str:  9    XL:     6   Next: 13%
Magic:  6/6        EV: 16    Int: 10    God:    Zin [***...]
Gold:   169        SH:  0    Dex: 20    Spells: 5/5 levels left

rFire   . . .      SeeInvis .   a - +1 hand crossbow
rCold   . . .      Faith    .   (no shield)
rNeg    . . .      Spirit   .   b - +0 leather armour
rPois   .          Reflect  .   (no helmet)
rElec   .          Harm     .   (no cloak)
rCorr   .          Rampage  .   (no gloves)
Will    .....                   (no boots)
Stlth   ++++......              (no amulet)
HPRegen 0.12/turn               (no ring)
MPRegen 0.10/turn               (no ring)

@: lethally poisoned (-1 -> -9)
A: small, no large weapons, nightstalker 3
a: Renounce Religion, Recite, Vitalisation, Imprison, Donate Gold


You were on level 4 of the Dungeon.
You worshipped Zin.
Zin was most pleased with you.
You visited 1 branch of the dungeon, and saw 4 of its levels.

You collected 187 gold pieces.
You donated 18 gold pieces to Zin.

Inventory:

Hand Weapons
 a - a +1 hand crossbow (weapon)
Armour
 b - a +0 leather armour (worn)
Jewellery
 h - a ring of ice
 m - a ring of fire
Wands
 o - a wand of digging (4)
Scrolls
 c - a scroll of immolation
 i - a scroll of brand weapon {unknown}
 j - a scroll of fear
 l - a scroll of blinking {unknown}
 n - a scroll of silence {unknown}
 p - a scroll of teleportation {unknown}
Potions
 d - 2 potions of heal wounds
 f - a potion of lignification
 g - 2 potions of brilliance {unknown}
 k - a potion of invisibility {unknown}


   Skills:
 + Level 3.5 Fighting
 + Level 6.3 Crossbows
 + Level 1.3 Armour
 + Level 3.9 Dodging
 + Level 3.7 Stealth
 + Level 0.0 Evocations


You had 5 spell levels left.
You didn't know any spells.
Your spell library contained the following spells:

 Spells                   Type           Power      Damage    Failure   Level
 Blink                    Tloc           0%         N/A       61%         2
 Gell's Gravitas          Tloc           0%         N/A       83%         3
 Lesser Beckoning         Tloc           0%         N/A       83%         3
 Teleport Other           Tloc           0%         N/A       83%         3
 Manifold Assault         Tloc           0%         N/A       100%        5
 Dispersal                Tloc           0%         N/A       100%        6


Dungeon Overview and Level Annotations

Branches:
Dungeon (4/15)
 Temple: D:4-7

Altars:
Zin


Innate Abilities, Weirdness & Mutations

You are small and have problems with some larger weapons.
You are completely attuned to the shadows.


Message History

You hear a shout!
A killer bee comes into view. x2
You shoot a bolt. The bolt misses the killer bee.
The killer bee buzzes angrily.
The bolt hits the killer bee.
The killer bee is moderately wounded.
You hear an angry buzzing noise.
A killer bee comes into view.
The killer bee misses you.
The killer bee attacks as you move away!
The killer bee misses you. The killer bee closely misses you.
The killer bee stings you!
The killer bee attacks as you move away!
The killer bee stings you!
You are poisoned.
The killer bee poisons you!
The killer bee attacks as you move away!
The killer bee barely misses you.
The killer bee attacks as you move away!
The killer bee stings you!
You are lethally poisoned!
The killer bee poisons you!
* * * LOW HITPOINT WARNING * * *
You feel very sick. The killer bee closely misses you.
A killer bee comes into view.
The killer bee stings you.
* * * LOW HITPOINT WARNING * * *
The killer bee stings you but does no damage.
You feel better. The killer bee barely misses you. The killer bee stings you.
* * * LOW HITPOINT WARNING * * *
You are lethally poisoned!
The killer bee poisons you! The killer bee misses you.
The killer bee closely misses you. x3
The killer bee attacks as you move away!
The killer bee stings you!
* * * LOW HITPOINT WARNING * * *
Zin protects you from harm! The killer bee stings you.
You die...

.........
..........
...........
............
#......y...#
......y.#.##
#.........#
#...yy..###
#######@y.##
##.........#
#..#######...
#. #.## ###
#.# #.#
#.###.#
#.#...###
##.........
#....######


You could see 5 killer bees.

Vanquished Creatures
  A bullfrog (D:2)
  A hound (D:2)
  An iguana (D:4)
  An adder (D:3)
  A worm (D:2)
  3 dart slugs
  7 orcs (D:3)
  5 bats
  2 endoplasms
  4 giant cockroaches
  3 goblins
  6 hobgoblins
  5 jackals
  2 quokkas (D:1)
  8 ball pythons
  3 frilled lizards
  4 kobolds
  4 rats
61 creatures vanquished.

Notes
Turn   | Place    | Note
-------+----------+-------------------------------------------
     0 | D:1      | jmlagarto the Kobold Hunter began the quest for the Orb.
     0 | D:1      | Reached XP level 1. HP: 12/12 MP: 1/1
   288 | D:1      | Reached XP level 2. HP: 17/18 MP: 2/2
   778 | D:1      | Reached XP level 3. HP: 22/22 MP: 3/3
   841 | D:1      | Found a faded altar of an unknown god.
   847 | D:1      | Prayed at the altar of an unknown god.
   847 | D:1      | Became a worshipper of Zin the Law-Giver
   847 | D:1      | Reached * piety under Zin
  1197 | D:2      | Reached ** piety under Zin
  1547 | D:2      | Reached XP level 4. HP: 16/28 MP: 4/4
  1715 | D:3      | Noticed a bullfrog
  1719 | D:3      | Reached skill level 6 in Crossbows
  1737 | D:2      | Killed a bullfrog
  1738 | D:2      | Reached skill level 1 in Armour
  1738 | D:2      | Reached XP level 5. HP: 17/32 MP: 5/5
  2517 | D:3      | Reached *** piety under Zin
  2832 | D:4      | Noticed an ogre
  2924 | D:4      | Reached XP level 6. HP: 21/37 MP: 6/6
  3067 | D:4      | Zin protects you from harm!
  3067 | D:4      | Slain by a killer bee

Illustrated notes

Levels and vault maps discovered:
D:1:      noname_arrival_rooms_in_the_neighbourhood, layout_basic,
          dreamdust_ecumenical_altar_hidden_monk_grotto, serial_glass,
          glass_columns_a, glass_columns_a, glass_columns_b, glass_columns_a,
          glass_columns_b, glass_columns_a, glass_columns_b, glass_columns_b,
          grunt_decor_fettered, minmay_pentomino_v2
D:2:      layout_rooms
D:3:      layout_basic
D:4:      layout_rooms, kennysheep_generic_room_8, uniq_edmund

Skill      XL: |  1  2  3  4 |
---------------+-------------+-----
Stealth        | 2 3 |  3.7
Dodging        | 3 |  3.9
Fighting       | 3 |  3.5
Crossbows      | 6 |  6.3
Armour         | 1 |  1.3

Action                   |  1- 3 |  4- 6 || total
-------------------------+-------+-------++-------
Melee: Hand crossbow     |       |     1 ||     1
 Fire: Hand crossbow     |   101 |    83 ||   184
  Use: Potion            |     1 |     3 ||     4
       Scroll            |       |     1 ||     1
Armor: Leather armour    |    12 |     8 ||    20
       Skin              |       |     9 ||     9
Dodge: Dodged            |    50 |    53 ||   103

Table legend: (Time is in decaauts)
 A = Elapsed time spent in this place.
 B = Non-inter-level travel time spent in this place.
 C = Inter-level travel time spent in this place.
 D = Time resting spent in this place.
 E = Time spent auto-exploring this place.
 F = Levels seen in this place.
 G = Mean time per level.
                   A        B        C        D        E       F      G
               +--------+--------+--------+--------+--------+-----+--------+
         Total |   3119 |   3036 |     83 |    205 |   2452 |   4 |  779.8 |
       Dungeon |   3119 |   3036 |     83 |    205 |   2452 |   4 |  779.8 |
               +--------+--------+--------+--------+--------+-----+--------+

Top non-repeatable levels by time:
     D:1: 989 daAuts
     D:3: 964 daAuts
     D:2: 954 daAuts
     D:4: 210 daAuts
